 Dungeon Crawl Stone Soup version 0.30-a0-2-gf48d83f5e2 (webtiles) character file.

Game seed: 16787340643775606892

68 siradein the Grave Robber (level 4, 0/30 HPs)
             Began as a Vampire Necromancer on Aug 20, 2022.
             Slain by an orc priest
             ... wielding a +0 club
              (2 damage)
             ... on level 2 of the Dungeon.
             The game lasted 00:03:46 (1330 turns).

siradein the Grave Robber (Vampire Necromancer)     Turns: 1330, Time: 00:03:46

Health: 0/30       AC:  3    Str: 13    XL:     4   Next: 1%
Magic:  0/8        EV: 12    Int: 19    God:
Gold:   89         SH:  0    Dex: 14    Spells: 4/8 levels left

rFire   . . .      SeeInvis +    h - +0 short sword
rCold   . . .      Faith    .    (no shield)
rNeg    . . .      Spirit   +    f - +0 leather armour
rPois   .          Reflect  .    (no helmet)
rElec   .          Harm     .    (no cloak)
rCorr   .          Rampage  .    (no gloves)
Will    .....                    (no boots)
Stlth   ++........               c - amulet of guardian spirit
HPRegen 0.30/turn                i - +6 ring of strength
MPRegen 0.11/turn                (no ring)

@: healing quickly
A: alive, fangs 3, see invisible, vampiric 2
a: Exsanguinate


You were on level 2 of the Dungeon.
You visited 1 branch of the dungeon, and saw 2 of its levels.

You collected 89 gold pieces.

Inventory:

Hand Weapons
 h - a +0 short sword (weapon)
Armour
 f - a +0 leather armour (worn)
Jewellery
 c - an amulet of guardian spirit (around neck)
 d - an amulet of faith
 i - a +6 ring of strength (left hand)
Scrolls
 a - a scroll of poison {unknown}
 g - a scroll of acquirement {unknown}
 k - a scroll of teleportation {unknown}
 l - a scroll of identify {unknown}
 m - 2 scrolls of immolation {unknown}
 n - a scroll of blinking {unknown}
Potions
 b - a potion of magic
 e - a potion of degeneration {unknown}
 j - a potion of mutation {unknown}


   Skills:
 + Level 1.6 Short Blades
 - Level 2.1 Dodging
 - Level 3.0 Stealth
 + Level 2.9 Spellcasting
 + Level 5.1 Necromancy


You had 4 spell levels left.
You knew the following spells:

 Your Spells              Type           Power      Damage    Failure   Level
a - Necrotise             Necr           88%        1d8       2%          1
b - Vampiric Draining     Necr           22%        2d7       7%          3

Your spell library contained the following spells:

 Spells                   Type           Power      Damage    Failure   Level
 Magic Dart               Conj           8%         1d3       21%         1
 Animate Dead             Necr           22%        N/A       24%         4
 Call Imp                 Summ           2%         N/A       30%         2
 Mephitic Cloud           Conj/Pois/Air  2%         N/A       52%         3
 Agony                    Necr           22%        N/A       54%         5


Dungeon Overview and Level Annotations

Branches:
Dungeon (2/15)

Altars:


Innate Abilities, Weirdness & Mutations

Your natural rate of healing is accelerated.
You have razor-sharp teeth.
You have supernaturally acute eyesight. (SInv)
You are afflicted with vampirism and can become a bat while bloodless.


Message History

The orc is severely wounded.
The orc hits you with a +0 flail.
Casting: Necrotise (safe; 2% risk of failure)
Confirm with . or Enter, or press ? or * to list all spells.
You don't have enough magic to cast this spell.
Unknown command.
You hit the orc.
You kill the orc!
You have reached level 4!
You hit the orc priest. Your bite misses the orc priest.
The orc priest is moderately wounded.
The orc priest invokes the aid of Beogh against you.
Beogh smites you!
* * * LOW HITPOINT WARNING * * *
You hit the orc priest. Your bite misses the orc priest.
The orc priest is heavily wounded.
The orc priest hits you with a +0 club.
* * * LOW HITPOINT WARNING * * *
You hit the orc priest.
The orc priest is severely wounded.
The orc priest looks encouraged for a moment.
You hit the orc priest.
The orc priest is severely wounded.
The orc priest hits you with a +0 club.
* * * LOW HITPOINT WARNING * * *
You hit the orc priest but do no damage.
The orc priest is severely wounded.
The orc priest hits you with a +0 club.
* * * LOW HITPOINT WARNING * * *
Casting: Necrotise (safe; 2% risk of failure)
Confirm with . or Enter, or press ? or * to list all spells.
Aiming: Necrotise (safe; 2% risk of failure)
Press: ? - help, Shift-Dir - straight line, f - orc priest
Aim: an orc priest, wielding a +0 club (severely wounded, chance to affect: 81%)
The orc priest barely resists.
The orc priest closely misses you.
Unknown command.
You hit the orc priest.
The orc priest is almost dead.
The orc priest hits you with a +0 club.
You die...

### #>. #.. #.# .#
#.# .# #.# .# #.# .#
#@# .## #o# ..#
#####.#####+#..###
###........o..)[...#
#...............##..#
#...................
#...###.#####.#####..
#... #.# #.# #.. #.#
#.#


You could see an orc priest.

Vanquished Creatures
  2 adders (D:2)
  A worm (D:2)
  A dart slug (D:2)
  3 orcs (D:2)
  4 ball pythons
  5 endoplasms
  A giant cockroach (D:1)
  8 goblins
  2 hobgoblins (D:2)
  A bat (D:1)
  A frilled lizard (D:1)
  5 kobolds
  7 rats
41 creatures vanquished.

Vanquished Creatures (others)
  2 plants (D:1)
2 creatures vanquished.

Grand Total: 43 creatures vanquished

Notes
Turn   | Place    | Note
-------+----------+-------------------------------------------
     0 | D:1      | siradein the Vampire Necromancer began the quest for the
                  | Orb.
     0 | D:1      | Reached XP level 1. HP: 13/13 MP: 3/3
   231 | D:1      | Found a faded altar of an unknown god.
   321 | D:1      | Reached XP level 2. HP: 8/19 MP: 0/5
   893 | D:2      | Gained mutation: You are afflicted with vampirism and can
                  | become a bat while bloodless. [Vampire growth]
   893 | D:2      | Reached XP level 3. HP: 24/24 MP: 6/6
   897 | D:2      | Learned a level 3 spell: Vampiric Draining
   982 | D:2      | Reached skill level 1 in Short Blades
  1017 | D:2      | Reached skill level 5 in Necromancy
  1324 | D:2      | Reached XP level 4. HP: 17/30 MP: 0/8
  1330 | D:2      | Slain by an orc priest

Illustrated notes

Levels and vault maps discovered:
D:1:      wander_arrival_peaceful_grave, layout_loops_ring,
          shapermc_ecumenical_altar_ellora, serial_bayou_pond_a
D:2:      layout_basic, uniq_crazy_yiuf_cottage

Skill      XL: |  1  2  3 |
---------------+----------+-----
Short Blades   | 1 |  1.6
Necromancy     | 5 |  5.1
Dodging        | |  2.1
Stealth        | |  3.0
Spellcasting   | |  2.9

Action                   |  1- 3 |  4- 6 || total
-------------------------+-------+-------++-------
Melee: Club              |    13 |       ||    13
       Bite              |     6 |       ||     6
       Short sword       |    56 |     6 ||    62
       Dagger            |     3 |       ||     3
 Cast: Necrotise         |    50 |     1 ||    51
 Stab: Sleeping          |     5 |       ||     5
Armor: Robe              |     3 |       ||     3
       Leather armour    |    17 |       ||    17
Dodge: Dodged            |    56 |     1 ||    57

Table legend: (Time is in decaauts)
 A = Elapsed time spent in this place.
 B = Non-inter-level travel time spent in this place.
 C = Inter-level travel time spent in this place.
 D = Time resting spent in this place.
 E = Time spent auto-exploring this place.
 F = Levels seen in this place.
 G = Mean time per level.
                   A        B        C        D        E       F      G
               +--------+--------+--------+--------+--------+-----+--------+
         Total |   1334 |   1298 |     36 |      0 |    968 |   2 |  667.0 |
       Dungeon |   1334 |   1298 |     36 |      0 |    968 |   2 |  667.0 |
               +--------+--------+--------+--------+--------+-----+--------+

Top non-repeatable levels by time:
     D:1: 833 daAuts
     D:2: 500 daAuts
